AoeStats
← CocaPapi

Arena

509555684Analyzed
4v4 RM · 7d ago on Sep 27, 2026· 34m 19s· 8 players
Game mode
Random Map
Map size
Large (8 player)
Population
200
Speed
Normal
Resources
Standard
Victory
Conquest
Starting age
Dark Age
Ending age
Imperial Age
RankedLock teamsTeams togetherTeam positionsShared explorationLock speedFull tech treeHidden civsTurbo modeCheats
Victory
Defeat
🇲🇽 Vikings · Mexico
1059
+14
🇨🇳 Armenians · China
1048
+15
🇺🇸 Varangians · United States
1031
+16
🇨🇳 Huns · China
993
+17
1060
-17
🇨🇿 Aztecs · Czechia
1058
-17
🇦🇷 Turks · Argentina
1013
-15
🇦🇷 Teutons · Argentina
958
-13
伊织旺猪
0:28 Loom
1:56 Loom
2:31 Loom
12:14 Feudal Age
15:56 Castle Age
13:45 Double-Bit Axe
14:56 Horse Collar
18:08 Bow Saw
18:02 Heavy Plow
24:14 Wheelbarrow
26:10 Marauders
27:53 Bloodlines
27:43 Husbandry
29:00 Hand Cart
29:35 Forging
29:30 Scale Barding Armor
32:04 Imperial Age
31:10 Iron Casting
31:48 Chain Barding Armor
32:19 Elite Tarkan
34:24 Blast Furnace
35:13 Plate Barding Armor
hold up
0:33 Loom
12:46 Feudal Age
13:27 Double-Bit Axe
13:36 Gold Mining
13:34 Man-at-Arms
14:16 Long Swordsman
16:48 Scale Mail Armor
21:15 Wheelbarrow
21:04 Arson
24:39 Castle Age
22:57 Stone Mining
24:01 Forging
24:56 Two-Handed Swordsman
25:39 Squires
27:29 Gambesons
29:14 Elite Skirmisher
29:55 Fletching
30:22 Chain Mail Armor
30:51 Bow Saw
30:24 Horse Collar
Cheo
11:16 Feudal Age
11:45 Double-Bit Axe
11:41 Horse Collar
11:53 Stone Mining
11:53 Gold Mining
12:25 Gold Mining
12:31 Loom
19:40 Castle Age
19:23 Town Watch
20:22 Heavy Plow
20:33 Bow Saw
21:20 Gold Shaft Mining
26:35 Fortified Wall
26:06 Treadmill Crane
26:47 Ballistics
28:31 Masonry
31:22 Murder Holes
31:34 Fletching
32:39 Bodkin Arrow
32:44 Scale Mail Armor
32:55 Forging
Rock-King
11:04 Feudal Age
12:14 Double-Bit Axe
12:25 Stone Mining
14:45 Castle Age
15:39 Loom
23:31 Fletching
28:23 Padded Archer Armor
30:44 Bodkin Arrow
Teror
10:26 Feudal Age
11:55 Man-at-Arms
14:51 Forging
14:41 Scale Mail Armor
19:20 Double-Bit Axe
19:28 Gold Mining
21:06 Horse Collar
25:50 Castle Age
29:53 Bow Saw
29:45 Heavy Plow
30:24 Gold Shaft Mining
JOHN CONO
14:07 Feudal Age
18:03 Castle Age
22:16 Imperial Age
21:41 Double-Bit Axe
23:32 Horse Collar
CocaPapi
12:05 Feudal Age
11:20 Loom
19:16 Castle Age
18:18 Horse Collar
22:33 Heavy Plow
23:12 Wheelbarrow
28:30 Forging
28:21 Scale Mail Armor
30:46 Iron Casting
30:26 Chain Mail Armor
30:32 Chain Mail Armor
My credit card number: 465687642
11:21 Feudal Age
12:30 Double-Bit Axe
12:40 Gold Mining
20:02 Horse Collar
22:49 Stone Mining
27:35 Castle Age
27:58 Wheelbarrow
27:09 Town Watch
29:17 Scale Barding Armor
29:22 Forging
29:28 Bow Saw
31:28 Heavy Plow
32:14 Gold Shaft Mining
34:38 Chain Barding Armor
34:54 Iron Casting
Connection lost

Rejoining the realm…

Still unreachable

The connection could not be restored.

Session expired

The server has moved on; the page needs a fresh start.